Pick #1

Connor Bedard
Pick #2

Leo Carlsson
Pick #3

Adam Fantilli
Pick #4

Matvei Michkov
Pick #5

David Reinbacher
Pick #6

William Smith
Pick #7

Zachary Benson
Pick #8

Ryan Leonard
Pick #9

Gabriel Perreault
Pick #10

Axel Sandin-Pellika
Pick #11

Daniil But
Pick #12

Dalibor Dvorsky
Pick #13

Quentin Musty
Pick #14

Brayden Yager
Pick #15

Dmitry Simashev
Pick #16

Colby Barlow
Pick #17

Andrew Cristall
Pick #18

Easton Cowan
Pick #19

Jacob Fowler
Pick #20

Oliver Moore
Pick #21

Oliver Bonk
Pick #22

Tom Willander
Pick #23

Calum Ritchie
Pick #24

Tanner Molendyk
Pick #25

Gavin Brindley
Pick #26

Nate Danielson
Pick #27

Pick #28

Pick #29

Pick #30

Pick #31

Pick #32

Pick #33

Pick #34

Pick #35

Pick #36

Pick #37

Pick #38

Pick #39

Pick #40

Pick #41

Pick #42

Pick #43

Pick #44

Pick #45

Pick #46

Pick #47

Pick #48

Pick #49

Pick #50

Pick #51

Pick #52

Pick #53

Pick #54

Pick #55

Pick #56

Pick #57

Pick #58

Pick #59

Pick #60

Pick #61

Pick #62

Pick #63

Pick #64

Pick #65

Pick #66

Pick #67

Pick #68

Pick #69

Pick #70

Pick #71

Pick #72

Pick #73

Pick #74

Pick #75

Pick #76

Pick #77

Pick #78

Pick #79

Pick #80

Pick #81

Pick #82

Pick #83

Pick #84

Pick #85

Pick #86

Pick #87

Pick #88

Pick #89

Pick #90

Pick #91

Pick #92

Pick #93

Pick #94

Pick #95

Pick #96

Pick #97

Pick #98

Pick #99

Pick #100

Pick #101

Pick #102

Pick #103

Pick #104

Pick #105

Pick #106

Pick #107

Pick #108

Pick #109

Pick #110

Pick #111

Pick #112

Pick #113

Pick #114

Pick #115

Pick #116

Pick #117

Pick #118

Pick #119

Pick #120

Pick #121

Pick #122

Pick #123

Pick #124

Pick #125

Pick #126

Pick #127

Pick #128

Pick #129

Pick #130

Full Scoreboard »»

Lightning vs Ducks

Created - February 6, 2024 at 16:20

Goals
1 2 3 T
Lightning 0 1 1 2
Ducks 0 2 2 4
Shots
1 2 3 T
Lightning 3 8 13 24
Ducks 7 11 13 31

GoalsPenalties
1st period
No Goal
Andrew Peeke (TBL) for Hooking (Minor) at 4:14
Andrew Peeke (TBL) for Interference (Minor) at 19:00
2nd period
1. Lightning , Brock Nelson 18 (Jeff Skinner 16) at 5:40
2. Ducks , Adrian Kempe 16 (Jason Robertson 16, Adam Fox 33) at 7:50 (PP)
3. Ducks , Rasmus Dahlin 9 (Adam Fox 34, Patrick Kane 16) at 10:10 (PP)
Ben Chiarot (TBL) for Interference (Minor) at 6:11
Trevor Moore (TBL) for Hooking (Minor) at 10:06
3rd period
4. Lightning , Brandon Montour 10 (Patrice Bergeron 27, John Klingberg 29) at 0:25
5. Ducks , Claude Giroux 12 (Moritz Seider 23) at 14:58
6. Ducks , Patrick Kane 14 (Zach Hyman 18, Mats Zuccarello 8) at 19:47 (Empty Net)
Ben Chiarot (TBL) for Holding (Minor) at 11:08
Goalie Stats
Jacob Markstrom (TBL), 27 saves from 30 shots - (0.900), L, 24-12-5, 59:28 minutes
Frederik Andersen (ANA), 22 saves from 24 shots - (0.917), W, 27-19-3, 60:00 minutes
3 StarsOfficial
1 - Patrick Kane (ANA)
2 - Claude Giroux (ANA)
3 - Zach Hyman (ANA)
Referees : Steve Kozari and Trevor Hanson
Linesman : Jonny Murray and Brad Kovachik
Game Note
Patrick Kane has scored in a empty net!
Finance
Level 1 -- Attendance: 5923 (91.12%) -- Ticket Income $651,530
Level 2 -- Attendance: 5000 (100.00%) -- Ticket Income $375,000
Level 3 -- Attendance: 2600 (100.00%) -- Ticket Income $145,600
Level 4 -- Attendance: 2074 (100.00%) -- Ticket Income $82,960
Luxury Box -- Attendance: 922 (92.20%) -- Ticket Income $183,478
Game was played at the Honda Center.
Total Attendance: 16519 (96.19%)
Total Ticket Income: $1,438,568
Other Income: $359,642
Total Income: $1,798,210



Team Name Goals Shots Shots Attemp Shots Blocked PIM HIT PP PK FO%
Lightning 224391010220 / 0 (0.00%243%
Ducks 4316720182 / 5 (40%)058%

Lightning
Player Name POS G A P +/- PIM HIT SHT SB MP PP MP PP SHT PK MP PK SHT FO% FOT
Alex KillornLW0000022119:070:0000:4200% 0
Andrew PeekeD0001411015:050:0001:0700% 0
Barclay GoodrowC000001008:510:0001:5800% 1
Ben ChiarotD000-1410219:460:0002:3200% 0
Brandon MontourD1010021225:050:0004:0100% 0
Brock NelsonC1010002019:160:0000:51060% 20
Dawson MercerC0000001110:180:0002:0600% 0
Erik HaulaLW0000000011:450:0004:5200% 0
Jeff SkinnerLW0110002018:250:0000:00025% 4
John KlingbergD0110000223:360:0002:3200% 0
Kaiden GuhleD000-1020222:070:0004:5200% 0
Patrice BergeronC0110033018:500:0000:00052% 21
Radko GudasD0001020014:170:0000:1600% 0
Ryan StromeC000001308:120:0000:00050% 10
Teddy BluegerC0000001011:440:0004:51016% 19
Trevor MooreLW000021208:110:0000:00033% 3
Tyler ToffoliRW0000033018:500:0000:00050% 2
William KarlssonC0000033018:500:0000:0000% 0
Ducks
Player Name POS G A P +/- PIM HIT SHT SB MP PP MP PP SHT PK MP PK SHT FO% FOT
Adam FoxD022-1014126:214:2500:0000% 0
Adrian KempeRW101-2023021:024:0720:000100% 1
Brayden McNabbD0001020010:440:0000:0000% 0
Claude GirouxRW1011013022:123:3300:0000% 0
Jack JohnsonD000000000:000:0000:0000% 0
Jason RobertsonLW011-2001023:564:0700:00060% 5
Joe PavelskiC000-2003017:360:0000:00056% 18
Mats ZuccarelloRW011100004:170:0000:0000% 0
Moritz SeiderD0110042122:553:1510:0000% 0
Nikolaj EhlersLW000001003:350:0000:0000% 1
Patrick KaneRW1121022017:164:0700:00086% 7
Phillip DanaultC0001024022:123:3310:00071% 31
Pierre-Luc DuboisLW0000022012:310:0000:0000% 0
Rasmus DahlinD101-1003026:214:2520:0000% 0
Ryan McDonaghD0001000010:440:0000:0000% 0
Travis BoydC0000000012:310:0000:00024% 17
Tyson BarrieD0000003022:553:1530:0000% 0
Zach HymanLW0112011022:523:3300:0000% 0



Play-by-Play

1st period


0:01 of 1st period - Joe Pavelski wins face-off versus Patrice Bergeron in neutral zone.
0:10 of 1st period - Shot by Adrian Kempe.
0:10 of 1st period - Shot Misses the Net.
0:12 of 1st period - Shot by Adam Fox.
0:12 of 1st period - Stopped by Jacob Markstrom without a rebound.
0:13 of 1st period - Brock Nelson wins face-off versus Phillip Danault in Lightning zone.
0:13 of 1st period - Brock Nelson is hit by Claude Giroux.
0:19 of 1st period - Shot by Jeff Skinner.
0:19 of 1st period - Stopped by Frederik Andersen without a rebound.
0:20 of 1st period - Travis Boyd wins face-off versus Trevor Moore in Ducks zone.
0:25 of 1st period - Shot by Pierre-Luc Dubois.
0:25 of 1st period - Shot Misses the Net.
1:40 of 1st period - Zach Hyman is hit by Brandon Montour and loses puck.
1:45 of 1st period - Shot by Moritz Seider.
1:45 of 1st period - Shot Blocked by John Klingberg.
1:47 of 1st period - Shot by Phillip Danault.
1:47 of 1st period - Shot Misses the Net.
2:01 of 1st period - Shot by Zach Hyman.
2:01 of 1st period - Shot Blocked by Brandon Montour.
2:15 of 1st period - Alex Killorn is hit by Adrian Kempe and loses puck.
2:34 of 1st period - Shot by Joe Pavelski.
2:34 of 1st period - Stopped by Jacob Markstrom without a rebound.
2:35 of 1st period - Patrice Bergeron wins face-off versus Jason Robertson in Lightning zone.
2:35 of 1st period - Tyler Toffoli is hit by Nikolaj Ehlers and loses puck.
2:44 of 1st period - Shot by Jason Robertson.
2:44 of 1st period - Shot Misses the Net.
2:52 of 1st period - Shot by Jason Robertson.
2:52 of 1st period - Deflect By Mats Zuccarello.
2:52 of 1st period - Shot Misses the Net.
3:02 of 1st period - Shot by Adam Fox.
3:02 of 1st period - Shot Misses the Net.
3:04 of 1st period - Shot by Rasmus Dahlin.
3:04 of 1st period - Stopped by Jacob Markstrom with a rebound.
3:06 of 1st period - Shot by Adam Fox.
3:06 of 1st period - Stopped by Jacob Markstrom without a rebound.
3:07 of 1st period - Teddy Blueger wins face-off versus Travis Boyd in Lightning zone.
3:13 of 1st period - Radko Gudas is hit by Moritz Seider and loses puck.
3:33 of 1st period - Pierre-Luc Dubois is hit by Andrew Peeke and loses puck.
4:01 of 1st period - Icing by Andrew Peeke.
4:02 of 1st period - Phillip Danault wins face-off versus Teddy Blueger in Lightning zone.
4:14 of 1st period - Minor Penalty to Andrew Peeke for Hooking.
4:15 of 1st period - Phillip Danault wins face-off versus Brock Nelson in Lightning zone.
6:56 of 1st period - Shot by Joe Pavelski.
6:56 of 1st period - Stopped by Jacob Markstrom without a rebound.
6:57 of 1st period - Jeff Skinner wins face-off versus Phillip Danault in Lightning zone.
8:29 of 1st period - Pierre-Luc Dubois is hit by Kaiden Guhle and loses puck.
10:36 of 1st period - Off-side.
10:37 of 1st period - Phillip Danault wins face-off versus Ryan Strome in neutral zone.
10:37 of 1st period - Phillip Danault is hit by Ryan Strome.
11:06 of 1st period - Icing by Trevor Moore.
11:07 of 1st period - Jason Robertson wins face-off versus Trevor Moore in Lightning zone.
11:07 of 1st period - Mats Zuccarello is hit by Ben Chiarot and loses puck.
11:22 of 1st period - Jason Robertson is hit by Trevor Moore.
11:23 of 1st period - Icing by Jason Robertson.
11:24 of 1st period - Patrice Bergeron wins face-off versus Nikolaj Ehlers in Ducks zone.
11:32 of 1st period - Nikolaj Ehlers is hit by Brandon Montour and loses puck.
12:35 of 1st period - Icing by Rasmus Dahlin.
12:36 of 1st period - Phillip Danault wins face-off versus Teddy Blueger in Ducks zone.
13:12 of 1st period - Barclay Goodrow is hit by Brayden McNabb.
13:39 of 1st period - Icing by Brandon Montour.
13:40 of 1st period - Joe Pavelski wins face-off versus Jeff Skinner in Lightning zone.
13:49 of 1st period - Shot by Jason Robertson.
13:49 of 1st period - Shot Misses the Net.
14:03 of 1st period - Shot by Jason Robertson.
14:03 of 1st period - Shot Misses the Net.
14:09 of 1st period - Shot by Adrian Kempe.
14:09 of 1st period - Shot Blocked by Brandon Montour.
14:11 of 1st period - Shot by Moritz Seider.
14:11 of 1st period - Stopped by Jacob Markstrom without a rebound.
14:12 of 1st period - Phillip Danault wins face-off versus Patrice Bergeron in Lightning zone.
14:12 of 1st period - Zach Hyman is hit by Radko Gudas and loses puck.
14:29 of 1st period - Shot by Phillip Danault.
14:29 of 1st period - Shot Misses the Net.
15:33 of 1st period - Shot by Teddy Blueger.
15:33 of 1st period - Stopped by Frederik Andersen without a rebound.
15:34 of 1st period - Joe Pavelski wins face-off versus Jeff Skinner in Ducks zone.
15:43 of 1st period - Shot by Joe Pavelski.
15:43 of 1st period - Shot Misses the Net.
16:28 of 1st period - Icing by Moritz Seider.
16:29 of 1st period - Joe Pavelski wins face-off versus Patrice Bergeron in Ducks zone.
16:54 of 1st period - Shot by William Karlsson.
16:54 of 1st period - Shot Misses the Net.
17:32 of 1st period - Shot by Pierre-Luc Dubois.
17:32 of 1st period - Deflect By Patrick Kane.
17:32 of 1st period - Shot Misses the Net.
17:42 of 1st period - Shot by Ryan Strome.
17:42 of 1st period - Stopped by Frederik Andersen without a rebound.
17:43 of 1st period - Phillip Danault wins face-off versus Jeff Skinner in Ducks zone.
19:00 of 1st period - Minor Penalty to Andrew Peeke for Interference.
19:01 of 1st period - Teddy Blueger wins face-off versus Patrick Kane in Lightning zone.
19:07 of 1st period - Icing by Patrick Kane.
19:08 of 1st period - Adrian Kempe wins face-off versus Teddy Blueger in Ducks zone.
19:15 of 1st period - Shot by Tyson Barrie.
19:15 of 1st period - Stopped by Jacob Markstrom without a rebound.
19:16 of 1st period - Phillip Danault wins face-off versus Teddy Blueger in Lightning zone.
Goals for this period are 0 for Lightning vs 0 for Ducks.
Shots for this period are 3 for Lightning vs 7 for Ducks.

2nd period


0:01 of 2nd period - Patrick Kane wins face-off versus Teddy Blueger in neutral zone.
0:26 of 2nd period - Shot by Adrian Kempe.
0:26 of 2nd period - Shot Blocked by Ben Chiarot.
1:09 of 2nd period - Off-side.
1:10 of 2nd period - Patrice Bergeron wins face-off versus Phillip Danault in neutral zone.
1:24 of 2nd period - Patrice Bergeron is hit by Moritz Seider.
1:45 of 2nd period - Shot by Phillip Danault.
1:45 of 2nd period - Stopped by Jacob Markstrom without a rebound.
1:46 of 2nd period - Brock Nelson wins face-off versus Travis Boyd in Lightning zone.
2:03 of 2nd period - Shot by Patrick Kane.
2:03 of 2nd period - Stopped by Jacob Markstrom with a rebound.
3:25 of 2nd period - Shot by Tyler Toffoli.
3:25 of 2nd period - Stopped by Frederik Andersen without a rebound.
3:26 of 2nd period - Phillip Danault wins face-off versus Teddy Blueger in Ducks zone.
3:57 of 2nd period - Shot by Claude Giroux.
3:57 of 2nd period - Shot Misses the Net.
4:07 of 2nd period - Shot by Phillip Danault.
4:07 of 2nd period - Shot Blocked by Kaiden Guhle.
4:33 of 2nd period - William Karlsson is hit by Patrick Kane and loses puck.
4:59 of 2nd period - Patrice Bergeron is hit by Adam Fox and loses puck.
5:03 of 2nd period - Icing by Adam Fox.
5:04 of 2nd period - Brock Nelson wins face-off versus Travis Boyd in Ducks zone.
5:26 of 2nd period - Alex Killorn is hit by Moritz Seider and loses puck.
5:35 of 2nd period - Joe Pavelski is hit by Alex Killorn and loses puck.
5:40 of 2nd period - Shot by Brock Nelson.
5:40 of 2nd period - Goal by Brock Nelson - Lightning : 1 - Ducks : 0.
5:41 of 2nd period - Ryan Strome wins face-off versus Phillip Danault in neutral zone.
5:41 of 2nd period - Ryan Strome is hit by Phillip Danault.
6:04 of 2nd period - Icing by Kaiden Guhle.
6:05 of 2nd period - Joe Pavelski wins face-off versus Ryan Strome in Lightning zone.
6:11 of 2nd period - Minor Penalty to Ben Chiarot for Interference.
6:12 of 2nd period - Patrick Kane wins face-off versus Teddy Blueger in Lightning zone.
7:08 of 2nd period - Icing by Phillip Danault.
7:09 of 2nd period - Phillip Danault wins face-off versus Teddy Blueger in Ducks zone.
7:26 of 2nd period - Shot by Phillip Danault.
7:26 of 2nd period - Stopped by Jacob Markstrom without a rebound.
7:27 of 2nd period - Phillip Danault wins face-off versus Teddy Blueger in Lightning zone.
7:28 of 2nd period - Shot by Moritz Seider.
7:28 of 2nd period - Shot Misses the Net.
7:40 of 2nd period - Shot by Phillip Danault.
7:40 of 2nd period - Shot Misses the Net.
7:42 of 2nd period - Shot by Moritz Seider.
7:42 of 2nd period - Stopped by Jacob Markstrom without a rebound.
7:43 of 2nd period - Patrick Kane wins face-off versus Barclay Goodrow in Lightning zone.
7:48 of 2nd period - Shot by Jason Robertson.
7:48 of 2nd period - Shot Blocked by Dawson Mercer.
7:50 of 2nd period - Shot by Adrian Kempe.
7:50 of 2nd period - Goal by Adrian Kempe - Lightning : 1 - Ducks : 1.
7:51 of 2nd period - Joe Pavelski wins face-off versus Patrice Bergeron in neutral zone.
8:58 of 2nd period - Brock Nelson is hit by Moritz Seider and loses puck.
10:06 of 2nd period - Minor Penalty to Trevor Moore for Hooking.
10:07 of 2nd period - Patrick Kane wins face-off versus Teddy Blueger in Lightning zone.
10:10 of 2nd period - Shot by Rasmus Dahlin.
10:10 of 2nd period - Goal by Rasmus Dahlin - Lightning : 1 - Ducks : 2.
10:11 of 2nd period - Patrice Bergeron wins face-off versus Travis Boyd in neutral zone.
10:16 of 2nd period - Shot by William Karlsson.
10:16 of 2nd period - Deflect By Tyler Toffoli.
10:16 of 2nd period - Stopped by Frederik Andersen without a rebound.
10:17 of 2nd period - Joe Pavelski wins face-off versus Patrice Bergeron in Ducks zone.
10:35 of 2nd period - Icing by John Klingberg.
10:36 of 2nd period - Patrice Bergeron wins face-off versus Phillip Danault in Lightning zone.
10:57 of 2nd period - Shot by Claude Giroux.
10:57 of 2nd period - Stopped by Jacob Markstrom without a rebound.
10:58 of 2nd period - Brock Nelson wins face-off versus Joe Pavelski in Lightning zone.
11:15 of 2nd period - Shot by Brock Nelson.
11:15 of 2nd period - Shot Misses the Net.
11:23 of 2nd period - Shot by Rasmus Dahlin.
11:23 of 2nd period - Deflect By Jason Robertson.
11:23 of 2nd period - Stopped by Jacob Markstrom with a rebound.
11:25 of 2nd period - Shot by Rasmus Dahlin.
11:25 of 2nd period - Shot Misses the Net.
11:27 of 2nd period - Shot by Adrian Kempe.
11:27 of 2nd period - Shot Misses the Net.
11:35 of 2nd period - Shot by Joe Pavelski.
11:35 of 2nd period - Shot Blocked by Kaiden Guhle.
12:21 of 2nd period - Shot by Brandon Montour.
12:21 of 2nd period - Shot Misses the Net.
12:29 of 2nd period - Shot by Tyler Toffoli.
12:29 of 2nd period - Shot Misses the Net.
12:33 of 2nd period - Shot by Patrice Bergeron.
12:33 of 2nd period - Stopped by Frederik Andersen without a rebound.
12:34 of 2nd period - Ryan Strome wins face-off versus Travis Boyd in Ducks zone.
12:39 of 2nd period - Shot by Dawson Mercer.
12:39 of 2nd period - Stopped by Frederik Andersen without a rebound.
12:40 of 2nd period - Teddy Blueger wins face-off versus Travis Boyd in Ducks zone.
14:12 of 2nd period - Shot by Brandon Montour.
14:12 of 2nd period - Shot Misses the Net.
14:25 of 2nd period - Icing by John Klingberg.
14:26 of 2nd period - Patrice Bergeron wins face-off versus Phillip Danault in Lightning zone.
15:09 of 2nd period - Shot by Zach Hyman.
15:09 of 2nd period - Stopped by Jacob Markstrom without a rebound.
15:10 of 2nd period - Brock Nelson wins face-off versus Joe Pavelski in Lightning zone.
15:18 of 2nd period - Shot by Joe Pavelski.
15:18 of 2nd period - Shot Blocked by Alex Killorn.
15:30 of 2nd period - Shot by Joe Pavelski.
15:30 of 2nd period - Stopped by Jacob Markstrom without a rebound.
15:31 of 2nd period - Ryan Strome wins face-off versus Travis Boyd in Lightning zone.
15:31 of 2nd period - Ryan Strome is hit by Patrick Kane.
15:55 of 2nd period - Shot by Dawson Mercer.
15:55 of 2nd period - Shot Misses the Net.
15:57 of 2nd period - Shot by Andrew Peeke.
15:57 of 2nd period - Stopped by Frederik Andersen without a rebound.
15:58 of 2nd period - Brock Nelson wins face-off versus Joe Pavelski in Ducks zone.
16:01 of 2nd period - Shot by Alex Killorn.
16:01 of 2nd period - Stopped by Frederik Andersen without a rebound.
16:02 of 2nd period - Joe Pavelski wins face-off versus Brock Nelson in Ducks zone.
16:35 of 2nd period - Icing by Kaiden Guhle.
16:36 of 2nd period - Phillip Danault wins face-off versus Brock Nelson in Lightning zone.
16:40 of 2nd period - Claude Giroux is hit by Kaiden Guhle and loses puck.
16:56 of 2nd period - Ben Chiarot is hit by Zach Hyman and loses puck.
17:33 of 2nd period - Shot by Joe Pavelski.
17:33 of 2nd period - Shot Misses the Net.
18:04 of 2nd period - Shot by Adrian Kempe.
18:04 of 2nd period - Shot Misses the Net.
18:06 of 2nd period - Shot by Adrian Kempe.
18:06 of 2nd period - Stopped by Jacob Markstrom without a rebound.
18:07 of 2nd period - Trevor Moore wins face-off versus Travis Boyd in Lightning zone.
18:20 of 2nd period - Shot by Trevor Moore.
18:20 of 2nd period - Stopped by Frederik Andersen without a rebound.
18:21 of 2nd period - Phillip Danault wins face-off versus Patrice Bergeron in Ducks zone.
18:21 of 2nd period - Phillip Danault is hit by William Karlsson.
18:55 of 2nd period - Zach Hyman is hit by Patrice Bergeron.
19:43 of 2nd period - Moritz Seider is hit by Radko Gudas and loses puck.
Goals for this period are 1 for Lightning vs 2 for Ducks.
Shots for this period are 8 for Lightning vs 11 for Ducks.

3rd period


0:01 of 3rd period - Tyler Toffoli wins face-off versus Joe Pavelski in neutral zone.
0:23 of 3rd period - Shot by Patrice Bergeron.
0:23 of 3rd period - Shot Misses the Net.
0:25 of 3rd period - Shot by Brandon Montour.
0:25 of 3rd period - Goal by Brandon Montour - Lightning : 2 - Ducks : 2.
0:26 of 3rd period - Phillip Danault wins face-off versus Brock Nelson in neutral zone.
0:26 of 3rd period - Zach Hyman is hit by Alex Killorn and loses puck.
0:35 of 3rd period - Shot by Phillip Danault.
0:35 of 3rd period - Stopped by Jacob Markstrom without a rebound.
0:36 of 3rd period - Phillip Danault wins face-off versus Teddy Blueger in Lightning zone.
0:57 of 3rd period - Shot by Phillip Danault.
0:57 of 3rd period - Stopped by Jacob Markstrom with a rebound.
1:44 of 3rd period - Tyson Barrie is hit by Tyler Toffoli and loses puck.
2:00 of 3rd period - Shot by Jason Robertson.
2:00 of 3rd period - Shot Misses the Net.
2:08 of 3rd period - Shot by Patrice Bergeron.
2:08 of 3rd period - Deflect By William Karlsson.
2:08 of 3rd period - Shot Blocked by Moritz Seider.
2:24 of 3rd period - Shot by Patrice Bergeron.
2:24 of 3rd period - Stopped by Frederik Andersen without a rebound.
2:25 of 3rd period - Brock Nelson wins face-off versus Travis Boyd in Ducks zone.
2:33 of 3rd period - Alex Killorn is hit by Brayden McNabb and loses puck.
2:46 of 3rd period - Icing by Jeff Skinner.
2:47 of 3rd period - Phillip Danault wins face-off versus Brock Nelson in Lightning zone.
2:55 of 3rd period - Icing by Radko Gudas.
2:56 of 3rd period - Phillip Danault wins face-off versus Brock Nelson in Lightning zone.
3:48 of 3rd period - Off-side.
3:49 of 3rd period - Jason Robertson wins face-off versus Patrice Bergeron in neutral zone.
3:51 of 3rd period - Moritz Seider is hit by Tyler Toffoli and loses puck.
3:58 of 3rd period - Joe Pavelski is hit by Patrice Bergeron and loses puck.
4:46 of 3rd period - Off-side.
4:47 of 3rd period - Travis Boyd wins face-off versus Ryan Strome in neutral zone.
4:54 of 3rd period - Shot by Pierre-Luc Dubois.
4:54 of 3rd period - Stopped by Jacob Markstrom without a rebound.
4:55 of 3rd period - Phillip Danault wins face-off versus Ryan Strome in Lightning zone.
5:12 of 3rd period - Shot by Phillip Danault.
5:12 of 3rd period - Shot Blocked by Ben Chiarot.
5:14 of 3rd period - Shot by Adam Fox.
5:14 of 3rd period - Stopped by Jacob Markstrom without a rebound.
5:15 of 3rd period - Travis Boyd wins face-off versus Brock Nelson in Lightning zone.
5:52 of 3rd period - Shot by Jeff Skinner.
5:52 of 3rd period - Stopped by Frederik Andersen without a rebound.
5:53 of 3rd period - Joe Pavelski wins face-off versus Patrice Bergeron in Ducks zone.
6:10 of 3rd period - Shot by Tyler Toffoli.
6:10 of 3rd period - Stopped by Frederik Andersen without a rebound.
6:11 of 3rd period - Phillip Danault wins face-off versus Ryan Strome in Ducks zone.
6:54 of 3rd period - Shot by Claude Giroux.
6:54 of 3rd period - Stopped by Jacob Markstrom without a rebound.
6:55 of 3rd period - Patrice Bergeron wins face-off versus Joe Pavelski in Lightning zone.
6:57 of 3rd period - Icing by William Karlsson.
6:58 of 3rd period - Joe Pavelski wins face-off versus Patrice Bergeron in Lightning zone.
7:08 of 3rd period - Brandon Montour is hit by Adrian Kempe and loses puck.
7:22 of 3rd period - Joe Pavelski is hit by William Karlsson and loses puck.
8:05 of 3rd period - Shot by Alex Killorn.
8:05 of 3rd period - Shot Misses the Net.
8:07 of 3rd period - Shot by Brock Nelson.
8:07 of 3rd period - Shot Misses the Net.
8:17 of 3rd period - Ben Chiarot is hit by Phillip Danault and loses puck.
8:21 of 3rd period - Icing by Kaiden Guhle.
8:22 of 3rd period - Brock Nelson wins face-off versus Travis Boyd in Lightning zone.
8:22 of 3rd period - Brock Nelson is hit by Pierre-Luc Dubois.
8:30 of 3rd period - Shot by Brock Nelson.
8:30 of 3rd period - Shot Misses the Net.
8:56 of 3rd period - Teddy Blueger is hit by Pierre-Luc Dubois and loses puck.
9:30 of 3rd period - Claude Giroux is hit by Barclay Goodrow.
10:52 of 3rd period - Shot by Jason Robertson.
10:52 of 3rd period - Shot Misses the Net.
11:08 of 3rd period - Minor Penalty to Ben Chiarot for Holding.
11:09 of 3rd period - Patrick Kane wins face-off versus Teddy Blueger in Lightning zone.
11:14 of 3rd period - Shot by Adrian Kempe.
11:14 of 3rd period - Shot Misses the Net.
11:16 of 3rd period - Shot by Patrick Kane.
11:16 of 3rd period - Deflect By Jason Robertson.
11:16 of 3rd period - Shot Misses the Net.
11:18 of 3rd period - Shot by Rasmus Dahlin.
11:18 of 3rd period - Stopped by Jacob Markstrom without a rebound.
11:19 of 3rd period - Phillip Danault wins face-off versus Teddy Blueger in Lightning zone.
11:28 of 3rd period - Shot by Moritz Seider.
11:28 of 3rd period - Shot Misses the Net.
11:30 of 3rd period - Shot by Tyson Barrie.
11:30 of 3rd period - Stopped by Jacob Markstrom without a rebound.
11:31 of 3rd period - Patrick Kane wins face-off versus Teddy Blueger in Lightning zone.
11:36 of 3rd period - Shot by Adrian Kempe.
11:36 of 3rd period - Stopped by Jacob Markstrom without a rebound.
11:37 of 3rd period - Phillip Danault wins face-off versus Teddy Blueger in Lightning zone.
12:05 of 3rd period - Shot by Tyson Barrie.
12:05 of 3rd period - Stopped by Jacob Markstrom with a rebound.
12:45 of 3rd period - Shot by Rasmus Dahlin.
12:45 of 3rd period - Shot Misses the Net.
13:06 of 3rd period - Shot by Jason Robertson.
13:06 of 3rd period - Shot Blocked by John Klingberg.
13:08 of 3rd period - Shot by Adam Fox.
13:08 of 3rd period - Stopped by Jacob Markstrom without a rebound.
13:09 of 3rd period - Patrice Bergeron wins face-off versus Travis Boyd in Lightning zone.
13:18 of 3rd period - Shot by William Karlsson.
13:18 of 3rd period - Stopped by Frederik Andersen with a rebound.
13:24 of 3rd period - Shot by William Karlsson.
13:24 of 3rd period - Deflect By Patrice Bergeron.
13:24 of 3rd period - Stopped by Frederik Andersen without a rebound.
13:25 of 3rd period - Brock Nelson wins face-off versus Jason Robertson in Ducks zone.
13:28 of 3rd period - Shot by Alex Killorn.
13:28 of 3rd period - Shot Blocked by Adam Fox.
14:18 of 3rd period - Off-side.
14:19 of 3rd period - Phillip Danault wins face-off versus Tyler Toffoli in neutral zone.
14:21 of 3rd period - Tyson Barrie is hit by William Karlsson and loses puck.
14:38 of 3rd period - Off-side.
14:39 of 3rd period - Ryan Strome wins face-off versus Travis Boyd in neutral zone.
14:44 of 3rd period - Shot by Ryan Strome.
14:44 of 3rd period - Stopped by Frederik Andersen with a rebound.
14:46 of 3rd period - Shot by Ryan Strome.
14:46 of 3rd period - Stopped by Frederik Andersen without a rebound.
14:47 of 3rd period - Patrice Bergeron wins face-off versus Phillip Danault in Ducks zone.
14:58 of 3rd period - Shot by Claude Giroux.
14:58 of 3rd period - Goal by Claude Giroux - Lightning : 2 - Ducks : 3.
14:59 of 3rd period - Ryan Strome wins face-off versus Travis Boyd in neutral zone.
15:08 of 3rd period - Shot by Ryan Strome.
15:08 of 3rd period - Shot Misses the Net.
15:10 of 3rd period - Shot by Trevor Moore.
15:10 of 3rd period - Stopped by Frederik Andersen with a rebound.
15:12 of 3rd period - Shot by Ryan Strome.
15:12 of 3rd period - Shot Misses the Net.
16:07 of 3rd period - Adrian Kempe is hit by Tyler Toffoli and loses puck.
16:18 of 3rd period - Shot by William Karlsson.
16:18 of 3rd period - Stopped by Frederik Andersen without a rebound.
16:19 of 3rd period - Brock Nelson wins face-off versus Phillip Danault in Ducks zone.
16:30 of 3rd period - Shot by Brock Nelson.
16:30 of 3rd period - Stopped by Frederik Andersen without a rebound.
16:31 of 3rd period - Jason Robertson wins face-off versus Patrice Bergeron in Ducks zone.
16:48 of 3rd period - Tyson Barrie is hit by Patrice Bergeron and loses puck.
17:12 of 3rd period - Shot by William Karlsson.
17:12 of 3rd period - Stopped by Frederik Andersen without a rebound.
17:13 of 3rd period - Phillip Danault wins face-off versus Brock Nelson in Ducks zone.
17:24 of 3rd period - Shot by Rasmus Dahlin.
17:24 of 3rd period - Shot Misses the Net.
17:38 of 3rd period - Shot by Alex Killorn.
17:38 of 3rd period - Stopped by Frederik Andersen without a rebound.
17:39 of 3rd period - Travis Boyd wins face-off versus Teddy Blueger in Ducks zone.
17:50 of 3rd period - Shot by Pierre-Luc Dubois.
17:50 of 3rd period - Stopped by Jacob Markstrom without a rebound.
17:51 of 3rd period - Patrice Bergeron wins face-off versus Joe Pavelski in Lightning zone.
17:58 of 3rd period - Shot by Tyler Toffoli.
17:58 of 3rd period - Shot Misses the Net.
18:24 of 3rd period - Shot by Jason Robertson.
18:24 of 3rd period - Shot Misses the Net.
18:39 of 3rd period - Icing by Rasmus Dahlin.
18:40 of 3rd period - Brock Nelson wins face-off versus Joe Pavelski in Ducks zone.
18:48 of 3rd period - Icing by Rasmus Dahlin.
18:49 of 3rd period - Brock Nelson wins face-off versus Joe Pavelski in Ducks zone.
19:15 of 3rd period - Lightning, Jacob Markstrom is pulled from the net.
19:47 of 3rd period - Shot by Patrick Kane.
19:47 of 3rd period - Goal by Patrick Kane - Lightning : 2 - Ducks : 4.
19:47 of 3rd period - Jacob Markstrom from Lightning was sent back in the game.
19:48 of 3rd period - Patrice Bergeron wins face-off versus Phillip Danault in neutral zone.
Goals for this period are 1 for Lightning vs 2 for Ducks.
Shots for this period are 13 for Lightning vs 13 for Ducks.